AoeStats
← Very ellegant player

Hideout

510103512Analyzed
1v1 RM · 21h ago on Sep 29, 2026· 57m 7s· 2 players
Game mode
Random Map
Map size
Tiny (2 player)
Population
200
Speed
Normal
Resources
Standard
Victory
Conquest
Starting age
Dark Age
Ending age
Imperial Age
RankedLock teamsTeams togetherTeam positionsShared explorationLock speedFull tech treeHidden civsTurbo modeCheats
Victory
Defeat
🇩🇪 Inca · Germany
1195
+16
🇦🇷 Koreans · Argentina
1187
-16
Very ellegant player
7:50 Loom
10:08 Feudal Age
11:53 Fletching
15:54 Double-Bit Axe
15:50 Horse Collar
24:25 Castle Age
25:42 Bow Saw
30:08 Wheelbarrow
29:44 Bodkin Arrow
30:36 Crossbowman
31:42 Heavy Plow
34:57 Fortified Wall
35:07 Thumb Ring
38:54 Imperial Age
40:35 Chemistry
41:10 Bracer
41:49 Arbalester
43:35 Gold Mining
47:16 Ballistics
50:42 Stone Mining
davewood_blue
9:41 Feudal Age
7:57 Loom
10:10 Double-Bit Axe
10:09 Horse Collar
10:33 Champi Runner
19:13 Scale Mail Armor
22:00 Castle Age
20:29 Gold Mining
22:19 Forging
22:52 Stone Mining
23:20 Squires
23:52 Champi Warrior
24:43 Arson
27:50 Town Watch
28:47 Chain Mail Armor
30:21 Iron Casting
30:37 Fletching
32:32 Treadmill Crane
33:33 Wheelbarrow
38:55 Imperial Age
37:12 Masonry
37:24 Bodkin Arrow
38:46 Hand Cart
41:40 Conscription
41:30 Capped Ram
44:17 Plate Mail Armor
44:12 Siege Ram
45:49 Elite Champi Warrior
47:38 Blast Furnace
46:20 Elite Skirmisher
48:19 Chemistry
47:48 Padded Archer Armor
48:44 Ballistics
49:32 Bow Saw
49:47 Leather Archer Armor
51:11 Bracer
51:44 Ring Archer Armor
52:19 Thumb Ring
53:20 Stone Shaft Mining
53:41 Fabric Shields
Connection lost

Rejoining the realm…

Still unreachable

The connection could not be restored.

Session expired

The server has moved on; the page needs a fresh start.